 Dungeon Crawl Stone Soup version 0.32-a0-329-ge6c31236d6 (webtiles) character file.

Game seed: 3513307679710001277

4168 greenreed the Blocker (level 10, -1/82 HPs)
             Began as a Gnoll Fighter on Feb 16, 2024.
             Was an Initiate of Gozag.
             Slain by a killer bee (6 damage)
             ... on level 9 of the Dungeon.
             The game lasted 00:16:28 (8933 turns).

greenreed the Blocker (Gnoll Fighter)               Turns: 8933, Time: 00:16:32

Health: -1/82      AC: 13    Str: 20    XL:     10   Next: 28%
Magic:  18/18      EV: 11    Int:  7    God:    Gozag
Gold:   402        SH:  6    Dex: 12    Spells: 19/19 levels left

rFire   . . .        a - +0 war axe
rCold   . . .        c - +0 buckler
rNeg    . . .        b - +0 scale mail
rPois   .            (no helmet)
rElec   .            (no cloak)
rCorr   .            M - +2 pair of gloves
SInv    .            L - +0 pair of boots
Will    .....        (no amulet)
Stlth   +            (no ring)
HPRegen 0.33/turn    (no ring)
MPRegen 0.16/turn

%: no passive effects
@: gold aura, studying Evocations
A: fangs 1, strong nose, distributed training
a: Renounce Religion, Potion Petition, Call Merchant, Bribe Branch


You were on level 9 of the Dungeon.
You worshipped Gozag.
Gozag was aware of your devotion.
You visited 2 branches of the dungeon, and saw 10 of its levels.
You also visited: Sewer and Ossuary.

You collected 1307 gold pieces.
You spent 880 gold pieces at shops.
You paid 25 gold pieces to Gozag.

Inventory:

Hand Weapons
 a - a +0 war axe (weapon)
 J - a +0 morningstar
Missiles
 v - 2 throwing nets (quivered)
Armour
 b - a +0 scale mail (worn)
 c - a +0 buckler (worn)
 L - a +0 pair of boots (worn)
 M - a +2 pair of gloves (worn)
Jewellery
 g - an amulet of magic regeneration
 q - a +6 ring of intelligence
 s - a ring of ice
 D - a +6 ring of dexterity
Wands
 l - a wand of quicksilver (7)
 y - a wand of iceblast (13)
Scrolls
 f - 3 scrolls of fog {unknown}
 h - 5 scrolls of revelation {unknown}
 i - 2 scrolls of vulnerability {unknown}
 j - 5 scrolls of teleportation {unknown}
 o - 3 scrolls of enchant armour {unknown}
 p - 2 scrolls of noise {unknown}
 r - a scroll of brand weapon {unknown}
 u - 3 scrolls of fear {unknown}
 w - 3 scrolls of poison {unknown}
 x - a scroll of blinking {unknown}
 E - 3 scrolls of identify {unknown}
 G - a scroll of butterflies {unknown}
 H - a scroll of torment {unknown}
 I - a scroll of enchant weapon {unknown}
 N - a scroll of amnesia {unknown}
Potions
 d - 4 potions of might
 e - 3 potions of mutation {unknown}
 k - 2 potions of curing
 m - 3 potions of heal wounds {unknown}
 n - a potion of invisibility {unknown}
 t - 2 potions of haste
 z - 2 potions of enlightenment {unknown}
 A - a potion of degeneration {unknown}
 B - 2 potions of lignification {unknown}
 C - a potion of attraction {unknown}
 F - 2 potions of magic {unknown}
 K - 2 potions of berserk rage {unknown}


   Skills:
 + Level 8.5 Fighting
 + Level 5.3 Short Blades
 + Level 5.3 Long Blades
 + Level 7.1 Axes
 + Level 5.3 Maces & Flails
 + Level 5.3 Polearms
 + Level 5.3 Staves
 + Level 5.3 Ranged Weapons
 + Level 5.3 Throwing
 + Level 8.5 Armour
 + Level 5.3 Dodging
 + Level 5.3 Stealth
 + Level 8.5 Shields
 + Level 5.3 Unarmed Combat
 + Level 5.3 Spellcasting
 + Level 4.4 Conjurations
 + Level 4.4 Hexes
 + Level 4.4 Summonings
 + Level 4.4 Necromancy
 + Level 4.4 Translocations
 + Level 4.4 Fire Magic
 + Level 4.4 Ice Magic
 + Level 4.4 Air Magic
 + Level 4.4 Earth Magic
 + Level 4.4 Alchemy
 + Level 5.8 Invocations
 + Level 6.0 Evocations
 + Level 4.8 Shapeshifting


You had 19 spell levels left.
You didn't know any spells.
Your spell library contained the following spells:

 Spells                   Type           Power      Damage    Failure   Level
 Magic Dart               Conj           32%        1d4       13%         1
 Slow                     Hex            32%        N/A       13%         1
 Searing Ray              Conj           16%        2d5       19%         2
 Volatile Blastmotes      Fire/Tloc      16%        2d11      36%         3
 Fulminant Prism          Conj/Alch      4%         3d5       77%         4
 Iskenderun's Mystic Bla  Conj/Tloc      8%         2d4       77%         4
 Sculpt Simulacrum        Ice/Alch       4%         N/A       100%        6
 Ozocubu's Refrigeration  Ice            4%         4d8       100%        7
 Polar Vortex             Ice            4%         N/A       100%        9


Dungeon Overview and Level Annotations

Branches:
Dungeon (9/15)             Temple (1/1) D:7            Lair (0/5) D:8
    Orc (0/2) D:9           Sewer (visited)         Ossuary (visited)

Altars:
Ashenzari
Cheibriados
Dithmenos
Elyvilon
Fedhas
Gozag
Hepliaklqana
Kikubaaqudgha
Makhleb
Nemelex Xobeh
Okawaru
Qazlal
Ru
Sif Muna
Trog
Uskayaw
Vehumet
Wu Jian
Xom
Yredelemnul
Zin
The Shining One

Shops:
D:7 :


Innate Abilities, Weirdness & Mutations

You have very sharp teeth.
Your uncanny sense of smell can sniff out nearby items.
Your experience applies equally to all skills.


Message History

The killer bee poisons you!
You hit the steam dragon but do no damage.
The steam dragon is almost dead.
You hit the killer bee.
You feel very sick. The killer bee stings you.
* * * LOW HITPOINT WARNING * * *
You are more poisoned.
The killer bee poisons you!
The steam dragon is distracted by your dazzling golden aura.
The killer bee stings you.
* * * LOW HITPOINT WARNING * * *
Unknown command.
You feel better.
The killer bee stings you but does no damage.
The killer bee closely misses you. The killer bee barely misses you.
The killer bee stings you but does no damage.
Unknown command.
The steam dragon is no longer distracted by gold.
The killer bee attacks as it pursues you!
You block the killer bee's attack. The killer bee stings you!
* * * LOW HITPOINT WARNING * * *
The killer bee stings you but does no damage.
The killer bee is distracted by your dazzling golden aura.
The steam dragon attacks as it pursues you!
The steam dragon bites you.
* * * LOW HITPOINT WARNING * * *
The steam dragon claws you.
* * * LOW HITPOINT WARNING * * *
Unknown command.
Unknown command.
Unknown command.
Aiming: Iceblast
Press: ? - help, Shift-Dir - straight line The mass of ice explodes!
The iceblast engulfs the steam dragon!!
You kill the steam dragon!
The killer bee buzzes angrily.
The killer bee barely misses you. The killer bee stings you.
You die...
Your body crumbles into a pile of gold.

.### ....## #### #.....####
###.(# ..!ß.....# #....#
.........###....##
.......$.y##...[.#
...>....ßy@....[.###
.........$..#####..##
.........#..........##
...ß.....#.#.........# ####
#.....####.##........###..#
...... ∆...#....#...)#...#
...... #...#....#........#
.. ##..............%.#
..............)<#


You could see 2 killer bees.

Vanquished Creatures
  Maggie (D:8)
  A wyvern (D:8)
  3 yaks (D:8)
  2 steam dragons
  2 water moccasins (D:6)
  An ice beast (D:6)
  2 sky beasts
  Pargi (Sewer)
  2 orc warriors (D:8)
  A black bear (D:6)
  3 ogres
  2 centaurs
  A phantom (D:5)
  A brain worm (Sewer)
  4 scorpions
  8 wights
  A killer bee (D:9)
  A howler monkey (D:6)
  A centaur zombie (Ossuary)
  A jelly (D:5)
  3 orc priests
  6 hounds
  A sleepcap (D:6)
  3 iguanas
  4 orc wizards
  3 crocodile zombies (Ossuary)
  3 mummies (Ossuary)
  13 gnolls
  6 adders
  A shadow imp (D:6)
  A white imp (D:7)
  2 ribbon worms (D:2)
  A dart slug (D:5)
  18 orcs
  11 bats
  9 endoplasms
  3 giant cockroaches
  8 goblins
  5 hobgoblins
  9 kobolds
  7 quokkas
  12 ball pythons
  3 frilled lizards
  A goblin zombie (D:6)
  4 kobold zombies (Ossuary)
  A quokka zombie (D:6)
  6 rats
183 creatures vanquished.

Notes
Turn   | Place    | Note
-------+----------+-------------------------------------------
     0 | D:1      | greenreed the Gnoll Fighter began the quest for the Orb.
     0 | D:1      | Reached XP level 1. HP: 23/23 MP: 1/1
   111 | D:1      | Found a faded altar of an unknown god.
   121 | D:1      | Reached XP level 2. HP: 29/29 MP: 2/2
   180 | D:1      | Got Plato's Almanac of the Curse
   318 | D:1      | Reached XP level 3. HP: 34/35 MP: 3/3
   488 | D:1      | Reached skill level 1 in Invocations
   559 | D:1      | Reached skill level 1 in Short Blades
   559 | D:1      | Reached skill level 1 in Long Blades
   559 | D:1      | Reached skill level 1 in Maces & Flails
   559 | D:1      | Reached skill level 1 in Polearms
   559 | D:1      | Reached skill level 1 in Staves
   559 | D:1      | Reached skill level 1 in Ranged Weapons
   559 | D:1      | Reached skill level 1 in Throwing
   559 | D:1      | Reached skill level 1 in Dodging
   559 | D:1      | Reached skill level 1 in Stealth
   559 | D:1      | Reached skill level 1 in Unarmed Combat
   559 | D:1      | Reached skill level 1 in Spellcasting
   559 | D:1      | Reached skill level 1 in Evocations
   667 | D:1      | Reached skill level 1 in Shapeshifting
   667 | D:1      | Reached XP level 4. HP: 40/41 MP: 5/5
   976 | D:2      | Reached skill level 1 in Conjurations
   976 | D:2      | Reached skill level 1 in Hexes
   976 | D:2      | Reached skill level 1 in Summonings
   976 | D:2      | Reached skill level 1 in Necromancy
   976 | D:2      | Reached skill level 1 in Translocations
   976 | D:2      | Reached skill level 1 in Fire Magic
   976 | D:2      | Reached skill level 1 in Ice Magic
   976 | D:2      | Reached skill level 1 in Air Magic
   976 | D:2      | Reached skill level 1 in Earth Magic
   976 | D:2      | Reached skill level 1 in Alchemy
   976 | D:2      | Noticed a scorpion
   983 | D:2      | Killed a scorpion
   984 | D:2      | Reached XP level 5. HP: 36/47 MP: 5/7
  1644 | D:3      | Found an opulent altar of Gozag.
  1650 | D:3      | Became a worshipper of Gozag Ym Sagoz the Greedy
  2280 | D:4      | Reached XP level 6. HP: 50/53 MP: 8/8
  2324 | D:4      | Reached skill level 5 in Axes
  2379 | D:4      | Found a glowing drain.
  2383 | Sewer    | Entered a sewer
  2480 | Sewer    | Noticed Pargi
  2492 | Sewer    | Killed Pargi
  2493 | Sewer    | Reached XP level 7. HP: 47/60 MP: 10/10
  2872 | D:4      | Found an iron altar of Okawaru.
  2872 | D:4      | Found a shimmering blue altar of Sif Muna.
  3072 | D:5      | Entered Level 5 of the Dungeon
  3595 | D:5      | Reached XP level 8. HP: 67/67 MP: 12/12
  4322 | D:6      | Found a sand-covered staircase.
  4334 | Ossuary  | Entered an ossuary
  4756 | D:6      | Reached XP level 9. HP: 41/69 MP: 14/14
  6176 | D:7      | Found a staircase to the Ecumenical Temple.
  6181 | Temple   | Entered the Ecumenical Temple
  6283 | D:7      | Reached skill level 5 in Invocations
  6568 | D:7      | Found Biontiuc's Vocational Training.
  6574 | D:7      | Bought a manual of Evocations for 880 gold pieces
  7022 | D:8      | Reached skill level 5 in Evocations
  7091 | D:8      | Found a staircase to the Lair.
  7109 | D:8      | Found a broken altar of Ashenzari.
  7111 | D:8      | Found a snail-covered altar of Cheibriados.
  7115 | D:8      | Found a blossoming altar of Fedhas.
  7138 | D:8      | Reached skill level 5 in Short Blades
  7138 | D:8      | Reached skill level 5 in Long Blades
  7138 | D:8      | Reached skill level 5 in Maces & Flails
  7138 | D:8      | Reached skill level 5 in Polearms
  7138 | D:8      | Reached skill level 5 in Staves
  7138 | D:8      | Reached skill level 5 in Ranged Weapons
  7138 | D:8      | Reached skill level 5 in Throwing
  7138 | D:8      | Reached skill level 5 in Dodging
  7138 | D:8      | Reached skill level 5 in Stealth
  7138 | D:8      | Reached skill level 5 in Unarmed Combat
  7138 | D:8      | Reached skill level 5 in Spellcasting
  7138 | D:8      | Reached XP level 10. HP: 39/81 MP: 17/17
  7417 | D:8      | Found a shimmering altar of Xom.
  7459 | D:8      | Noticed Maggie
  7467 | D:8      | Killed Maggie
  8193 | D:8      | Found a shadowy altar of Dithmenos.
  8553 | D:9      | Found a staircase to the Orcish Mines.
  8933 | D:9      | Slain by a killer bee

Illustrated notes

Levels and vault maps discovered:
D:1:      mrwooster_arrival_statue_3, layout_loops_cross,
          shapermc_ecumenical_altar_rom_forum, nrook_loot_triangle,
          dreamdust_wishing_well, kennysheep_minor_cross
D:2:      layout_basic
D:3:      layout_rooms, grunt_gozag_statues, minmay_misc_feat_diagonals,
          minmay_misc_feat_tower
D:4:      layout_basic, gammafunk_temple_overflow_elements, gup_sewer_entry_bowl
D:5:      layout_rooms, serial_library, serial_library_hellmonk_open_square,
          serial_library_regret_index_split_case,
          serial_library_hellmonk_small_alcove,
          serial_library_hellmonk_reading_circle,
          serial_library_hellmonk_open_cross,
          serial_library_hellmonk_long_bookcase
D:6:      nicolae_cairo_tiling_large, layout_cave_pools, enter_ossuary_4
D:7:      layout_loops_corners, temple_statues, nicolae_shop_vocational
D:8:      layout_loops_ring, overflow_temple_1_default,
          nicolae_overflow_macrodata_refinement, lair_entry_dummy,
          roderic_lattice_a, uniq_maggie
D:9:      layout_cave_pools, david_orc_2, serial_column_ruins, column_ruins_hut,
          column_ruins_hut_ruined, column_ruins_open_small,
          column_ruins_open_small, column_ruins_columns_straight,
          column_ruins_grid_1, column_ruins_open_medium_water
Temple:   nicolae_temple_two_arcs

Skill      XL: |  1  2  3  4  5  6  7  8  9 10 |
---------------+-------------------------------+-----
Invocations    | 1 2 3 4 5 |  5.8
Short Blades   | 1 2 3 5 |  5.3
Long Blades    | 1 2 3 5 |  5.3
Maces & Flails | 1 2 3 5 |  5.3
Polearms       | 1 2 3 5 |  5.3
Staves         | 1 2 3 5 |  5.3
Ranged Weapons | 1 2 3 5 |  5.3
Throwing       | 1 2 3 5 |  5.3
Dodging        | 1 2 3 5 |  5.3
Stealth        | 1 2 3 5 |  5.3
Unarmed Combat | 1 2 3 5 |  5.3
Spellcasting   | 1 2 3 5 |  5.3
Evocations     | 1 2 3 5 6 |  6.0
Shapeshifting  | 1 2 3 4 |  4.8
Conjurations   | 1 2 3 4 |  4.4
Hexes          | 1 2 3 4 |  4.4
Summonings     | 1 2 3 4 |  4.4
Necromancy     | 1 2 3 4 |  4.4
Translocations | 1 2 3 4 |  4.4
Fire Magic     | 1 2 3 4 |  4.4
Ice Magic      | 1 2 3 4 |  4.4
Air Magic      | 1 2 3 4 |  4.4
Earth Magic    | 1 2 3 4 |  4.4
Alchemy        | 1 2 3 4 |  4.4
Axes           | 5 6 7 |  7.1
Fighting       | 7 8 |  8.5
Armour         | 7 8 |  8.5
Shields        | 7 8 |  8.5

Action                     |  1- 3 |  4- 6 |  7- 9 | 10-12 || total
---------------------------+-------+-------+-------+-------++-------
  Melee: War axe           |    89 |   153 |   404 |    77 ||   723
         Bite              |     6 |    16 |    48 |    15 ||    85
  Evoke: Wand              |       |     2 |     5 |     5 ||    12
    Use: Potion            |       |       |     1 |     1 ||     2
   Stab: Distracted        |       |     1 |       |       ||     1
 Armour: Scale mail        |    40 |   127 |   260 |    82 ||   509
  Dodge: Dodged            |    39 |    79 |   196 |    38 ||   352
  Block: Buckler           |    27 |    65 |   117 |    35 ||   244

Table legend: (Time is in decaauts)
 A = Elapsed time spent in this place.
 B = Non-inter-level travel time spent in this place.
 C = Inter-level travel time spent in this place.
 D = Time resting spent in this place.
 E = Time spent auto-exploring this place.
 F = Levels seen in this place.
 G = Mean time per level.
                   A        B        C        D        E       F      G
               +--------+--------+--------+--------+--------+-----+--------+
         Total |   9118 |   8820 |    298 |   1010 |   5971 |  12 |  759.8 |
       Dungeon |   8534 |   8236 |    298 |    817 |   5761 |   9 |  948.2 |
        Temple |      1 |      1 |      0 |      0 |      0 |   1 |    1.0 |
         Sewer |    178 |    178 |      0 |      0 |     89 |   1 |  178.0 |
       Ossuary |    403 |    403 |      0 |    193 |    121 |   1 |  403.0 |
               +--------+--------+--------+--------+--------+-----+--------+

Top non-repeatable levels by time:
     D:8: 1686 daAuts
     D:6: 1282 daAuts
     D:7: 1164 daAuts
     D:5: 994 daAuts
     D:4: 922 daAuts
     D:2: 885 daAuts
     D:1: 796 daAuts
     D:3: 531 daAuts
 Ossuary: 403 daAuts
     D:9: 269 daAuts
   Sewer: 178 daAuts
  Temple: 1 daAuts
